 Dungeon Crawl Stone Soup version 0.30-a0-591-g3c58d2bc28 (webtiles) character file.

Game seed: 4779204029275903010

21821 bmack86 the Fighter (level 12, 0/104 HPs)
             Began as a Minotaur Fighter on Jan 5, 2023.
             Was a High Priest of Okawaru.
             Slain by a yak (4 damage)
             ... while petrified by a basilisk
             ... on level 2 of the Lair of Beasts on Jan 6, 2023.
             The game lasted 00:46:45 (9907 turns).

bmack86 the Fighter (Minotaur Fighter)              Turns: 9907, Time: 00:46:46

Health: 0/104      AC: 25    Str: 25      XL:     12   Next: 57%
Magic:  14/14      EV:  2    Int:  7 (8)  God:    Okawaru [*****.]
Gold:   744        SH:  0    Dex: 14      Spells: 11/11 levels left

rFire   . . .      SeeInvis +    a - +1 war axe
rCold   . . .      Faith    +    L - +2 kite shield
rNeg    + + +      Spirit   .    c - +5 plate armour
rPois   ∞          Reflect  .    (helmet unavailable)
rElec   .          Harm     .    S - +0 cloak
rCorr   .          Rampage  .    (no gloves)
Will    +....                    q - +0 pair of boots "Coih" {Int+3 Dex+3} Stlth
                                 A - amulet "Feupny" {Faith Regen+}
HPRegen 1.17/turn                l - ring of willpower
MPRegen 0.14/turn                J - +4 ring of slaying

@: petrified, heroic
A: horns 3, retaliatory headbutt, see invisible, deterioration 1, frail 1
a: Renounce Religion, Heroism, Finesse, Duel


You were on level 2 of the Lair of Beasts.
You worshipped Okawaru.
Okawaru was extremely pleased with you.
You visited 3 branches of the dungeon, and saw 13 of its levels.
You also visited: Ossuary.

You collected 834 gold pieces.
You spent 90 gold pieces at shops.

Inventory:

Hand Weapons
 a - a +1 war axe (weapon)
 I - a +5 battleaxe
 Q - the +8 falchion of Courage {freeze, rF+}
   (You found it on level 7 of the Dungeon)

   rF:        It protects you from fire.
Missiles
 p - 3 throwing nets
 u - 8 boomerangs (quivered)
 G - 12 javelins
 M - 4 boomerangs of dispersal
 U - 5 silver javelins
Armour
 c - a +5 plate armour (worn)
 q - the +0 pair of boots "Coih" (worn) {Int+3 Dex+3}
   (Okawaru gifted it to you on level 2 of the Lair of Beasts)

   Int:       It affects your intelligence (+3).
   Dex:       It affects your dexterity (+3).
 L - a +2 kite shield (worn)
 S - a +0 cloak (worn)
Jewellery
 i - a +6 ring of strength
 j - a +6 ring of intelligence
 l - a ring of willpower (left hand)
 t - a ring of wizardry
 A - the amulet "Feupny" (around neck) {Faith Regen+}
   (You found it on level 4 of the Dungeon)

   [amulet of faith]

   It allows you to gain divine favour quickly.
   Regen:     It increases your rate of health regeneration.
 J - a +4 ring of slaying (right hand)
 K - a +6 ring of intelligence
 O - a ring of fire
Wands
 n - a wand of roots (9)
 C - a wand of flame (40)
 P - a wand of light (19)
Scrolls
 e - a scroll of identify
 w - 9 scrolls of teleportation
 y - 2 scrolls of blinking
 z - 6 scrolls of fear
 D - 5 scrolls of enchant weapon
 E - 3 scrolls of immolation
 N - 2 scrolls of fog
 R - a scroll of magic mapping
Potions
 b - 2 potions of magic {unknown}
 d - 4 potions of might
 f - 4 potions of ambrosia
 g - 2 potions of berserk rage
 h - 3 potions of lignification
 k - 4 potions of brilliance
 m - 2 potions of haste
 o - 2 potions of attraction
 r - a potion of curing
 s - 2 potions of mutation
 v - a potion of cancellation {unknown}
 x - a potion of invisibility {unknown}
 F - 2 potions of heal wounds
 H - 2 potions of flight {unknown}


   Skills:
 * Level 13.7(18.7) Fighting
 * Level 13.3(18.3) Axes
 + Level 7.7(12.7) Throwing
 + Level 10.1(15.1) Armour
 + Level 10.0(15.0) Shields
 + Level 4.9 Invocations


You had 11 spell levels left.
You didn't know any spells.
Your spell library contained the following spells:

 Spells                   Type           Power      Damage    Failure   Level
 Blink                    Tloc           0%         N/A       100%        2
 Ensorcelled Hibernation  Hex/Ice        0%         N/A       100%        2
 Momentum Strike          Conj/Tloc      0%         3d8       100%        2
 Lesser Beckoning         Tloc           0%         N/A       100%        3
 Spider Form              Tmut/Pois      0%         N/A       100%        3
 Anguish                  Hex/Necr       0%         N/A       100%        4
 Borgnjor's Revivificati  Necr           0%         N/A       100%        8
 Necromutation            Tmut/Necr      0%         N/A       100%        8
 Death's Door             Necr           0%         N/A       100%        9


Dungeon Overview and Level Annotations

Branches:
Dungeon (10/15)            Temple (1/1) D:7            Lair (2/5) D:9
    Orc (0/2) D:10        Ossuary (visited)
  Swamp: Lair:2-3    Shoals: Lair:2-3     Snake: Lair:2-3    Spider: Lair:2-3

Altars:
Ashenzari
Cheibriados
Dithmenos
Elyvilon
Fedhas
Gozag
Hepliaklqana
Kikubaaqudgha
Makhleb
Nemelex Xobeh
Okawaru
Qazlal
Ru
Sif Muna
Trog
Uskayaw
Vehumet
Wu Jian
Xom
Yredelemnul
Zin
The Shining One

Annotations:
D:4 2 transporters, purpskrrrp's ghost, amateur DEHu
D:8 2 transporters, drugrobin's ghost, novice DgDe
Lair:2 exclusion: 4 oklob plants


Innate Abilities, Weirdness & Mutations

You have a pair of large horns on your head.
You reflexively headbutt those who attack you in melee.
You have supernaturally acute eyesight. (SInv)
Your body sometimes deteriorates upon taking damage.
You are frail. (-10% HP)


Message History

The cane toad stings you!
* * * LOW HITPOINT WARNING * * *
The killer bee stings you but does no damage.
The basilisk bites you but does no damage.
The yak gores you but does no damage. The yak gores you.
* * * LOW HITPOINT WARNING * * *
The killer bee stings you but does no damage.
The cane toad completely misses you.
The killer bee stings you but does no damage.
The basilisk bites you but does no damage.
The cane toad stings you but does no damage.
The yak gores you. The yak gores you but does no damage.
The killer bee stings you but does no damage.
The killer bee stings you but does no damage.
The cane toad stings you but does no damage.
The basilisk bites you but does no damage.
The yak gores you.
* * * LOW HITPOINT WARNING * * *
The yak gores you!
* * * LOW HITPOINT WARNING * * *
The killer bee stings you but does no damage.
The cane toad stings you but does no damage.
The killer bee stings you but does no damage.
The basilisk bites you but does no damage.
The yak gores you but does no damage. x2
The killer bee stings you but does no damage.
The cane toad stings you!
* * * LOW HITPOINT WARNING * * *
The killer bee stings you. The basilisk gazes at you.
You resist with almost no effort. The yak gores you but does no damage.
The yak gores you.
* * * LOW HITPOINT WARNING * * *
The killer bee stings you but does no damage.
The cane toad stings you but does no damage.
The killer bee stings you.
* * * LOW HITPOINT WARNING * * *
The basilisk gazes at you. You resist with almost no effort. The yak gores you!
You die... ##### ###[!$### #P[!>.?P# P?!(P

####### #######
###†.F..### #.##.[.
#..y@†....## #......
#..#YlY..#..#####.....
#..|
##y..###...####.... ..#
#..#..#..#..####... .
#...###...###...####.
#.y#. #..#..#..#..####
y.y###...###...###...##
..#. ..#. #..#. #..#..#
. # . # ...###...###..


You could see 2 yaks, a cane toad, a basilisk and 2 killer bees.

Vanquished Creatures
  Erica (D:9)
  A catoblepas (Lair:2)
  A two-headed ogre (D:10)
  Sonja (D:10)
  Pikel (D:5)
  2 black mambas (Lair:1)
  An elephant (Lair:2)
  A torpor snail (Lair:1)
  A cane toad (Lair:1)
  Psyche (D:9)
  3 rime drakes (Lair:2)
  3 komodo dragons
  Maggie (D:8)
  A queen bee (Lair:2)
  Grinder (D:4)
  A blink frog (Lair:2)
  3 hornets
  A wraith (D:10)
  Sigmund (D:4)
  3 wyverns
  Eustachio (D:4)
  3 basilisks (Lair:2)
  A shadow (D:9)
  26 yaks
  2 steam dragons (Lair:2)
  Menkaure (Ossuary)
  A warg (D:10)
  An acid dragon (D:10)
  8 water moccasins
  Duvessa (D:6)
  An ice beast (D:7)
  7 orc warriors
  A sky beast (D:8)
  7 black bears
  3 ogres
  16 wolves
  4 centaurs
  A phantom (D:4)
  2 necrophages
  2 kobold brigands
  3 scorpions
  8 bullfrogs
  10 wights
  Dowan (D:6)
  32 killer bees
  2 howler monkeys (D:4)
  3 hounds
  6 orc priests
  5 iguanas
  Ijyb (D:5)
  11 orc wizards
  4 mummies
  4 gnolls (D:4)
  11 adders
  4 shadow imps
  A white imp (D:7)
  2 ufetubi (D:5)
  A worm (D:2)
  2 dart slugs
  58 orcs
  5 endoplasms
  6 giant cockroaches
  3 gnoll zombies (Ossuary)
  5 goblins
  11 hobgoblins
  7 jackals
  9 kobolds
  4 quokkas
  4 ball pythons
  3 bats
  A frilled lizard (D:3)
  5 gnoll skeletons (Ossuary)
  4 goblin skeletons (Ossuary)
  9 goblin zombies (Ossuary)
  2 hobgoblin skeletons (Ossuary)
  3 hobgoblin zombies (Ossuary)
  6 kobold skeletons (Ossuary)
  3 kobold zombies (Ossuary)
  5 orc skeletons (Ossuary)
  3 orc zombies (Ossuary)
  8 rats
  3 rat skeletons (Ossuary)
  4 rat zombies (Ossuary)
400 creatures vanquished.

Vanquished Creatures (others)
  65 fungi
  58 plants
123 creatures vanquished.

Grand Total: 523 creatures vanquished

Notes
Turn   | Place    | Note
-------+----------+-------------------------------------------
     0 | D:1      | bmack86 the Minotaur Fighter began the quest for the Orb.
     0 | D:1      | Reached XP level 1. HP: 19/19 MP: 0/0
   177 | D:1      | Found a faded altar of an unknown god.
   247 | D:1      | Reached XP level 2. HP: 21/27 MP: 1/1
   867 | D:2      | Reached XP level 3. HP: 30/33 MP: 2/2
  1051 | D:2      | Reached skill level 1 in Throwing
  1142 | D:2      | Reached XP level 4. HP: 41/41 MP: 3/3
  1403 | D:3      | Noticed a necrophage
  1410 | D:3      | Killed a necrophage
  1411 | D:3      | Reached XP level 5. HP: 42/47 MP: 4/4
  1445 | D:3      | Found a hazy altar of Hepliaklqana.
  1750 | D:3      | Reached skill level 5 in Fighting
  1812 | D:3      | Found a snail-covered altar of Cheibriados.
  1965 | D:4      | Found a hide-covered altar of Uskayaw.
  2057 | D:4      | Noticed Sigmund
  2064 | D:4      | Killed Sigmund
  2065 | D:4      | Reached XP level 6. HP: 50/56 MP: 5/5
  2172 | D:4      | Reached skill level 5 in Axes
  2247 | D:4      | Noticed Eustachio
  2259 | D:4      | Killed Eustachio
  2260 | D:4      | Reached skill level 5 in Armour
  2260 | D:4      | Reached XP level 7. HP: 38/63 MP: 6/6
  2425 | D:4      | Found a transporter.
  2426 | D:4      | Noticed purpskrrrp's ghost (amateur DEHu)
  2428 | D:4      | Found a transporter.
  2429 | D:4      | Identified the +9 dire flail of the Valley {freeze, Fly
                  | rF++ Str+2}
  2438 | D:4      | Reached skill level 5 in Shields
  2518 | D:4      | Noticed Grinder
  2530 | D:4      | Killed Grinder
  2632 | D:4      | Identified the amulet "Feupny" {Faith Regen+}
  2975 | D:5      | Entered Level 5 of the Dungeon
  2990 | D:5      | Reached XP level 8. HP: 73/73 MP: 7/7
  3013 | D:5      | Found a sand-covered staircase.
  3022 | Ossuary  | Entered an ossuary
  3351 | Ossuary  | Noticed Menkaure
  3358 | Ossuary  | Killed Menkaure
  3485 | D:5      | Noticed Pikel
  3491 | D:5      | Killed Pikel
  3610 | D:5      | Found a stormy altar of Qazlal.
  3880 | D:5      | Found a radiant altar of Vehumet.
  3881 | D:5      | Found a blossoming altar of Fedhas.
  3922 | D:5      | Noticed Ijyb
  3933 | D:5      | Killed Ijyb
  4015 | D:5      | Reached XP level 9. HP: 69/82 MP: 8/8
  4572 | D:6      | Noticed Dowan
  4579 | D:6      | Killed Dowan
  4581 | D:6      | Noticed Duvessa
  4594 | D:6      | Killed Duvessa
  4941 | D:7      | Found a staircase to the Ecumenical Temple.
  4985 | Temple   | Entered the Ecumenical Temple
  5255 | D:7      | Found an iron altar of Okawaru.
  5267 | D:7      | Became a worshipper of Warmaster Okawaru
  5322 | D:7      | Found a shimmering blue altar of Sif Muna.
  5334 | D:7      | Paralysed by a hornet for 3 turns
  5339 | D:7      | Paralysed by a hornet for 2 turns
  5344 | D:7      | HP: 1/84 [hornet (7)]
  5349 | D:7      | HP: 4/84 [poisoned by a hornet]
  5489 | D:7      | Identified the +8 falchion of Courage {freeze, rF+}
  5895 | D:7      | Reached * piety under Okawaru
  5896 | D:7      | Reached skill level 5 in Throwing
  6176 | D:8      | Reached skill level 10 in Fighting
  6176 | D:8      | Reached XP level 10. HP: 81/90 MP: 9/9
  6311 | D:8      | Reached ** piety under Okawaru
  6315 | D:8      | Reached skill level 10 in Axes
  6470 | D:8      | Found a transporter.
  6472 | D:8      | Noticed a manticore
  6474 | D:8      | Noticed drugrobin's ghost (novice DgDe)
  6664 | D:8      | Noticed Maggie
  6673 | D:8      | Killed Maggie
  6673 | D:8      | Reached *** piety under Okawaru
  6674 | D:8      | Reached skill level 1 in Invocations
  6801 | D:8      | Found a transporter.
  7157 | D:9      | Noticed Erica
  7166 | D:9      | Paralysed by a hornet for 3 turns
  7176 | D:9      | Killed Erica
  7176 | D:9      | Reached **** piety under Okawaru
  7444 | D:9      | Reached XP level 11. HP: 102/102 MP: 11/11
  7500 | D:9      | Received a gift from Okawaru
  7517 | D:9      | Found a staircase to the Lair.
  7688 | D:9      | Found a shadowy altar of Dithmenos.
  7824 | D:9      | Noticed Psyche
  7839 | D:10     | Entered Level 10 of the Dungeon
  7839 | D:10     | Found Zin's Purification Station.
  7877 | D:10     | Found a glowing silver altar of Zin.
  7892 | D:10     | Bought a potion of curing for 90 gold pieces
  7927 | D:10     | Gained mutation: You have supernaturally acute eyesight.
                  | (SInv) [potion of mutation]
  7927 | D:10     | Gained mutation: You are frail. (-10% HP) [potion of
                  | mutation]
  7927 | D:10     | Gained mutation: Your body sometimes deteriorates upon
                  | taking damage. [potion of mutation]
  7927 | D:10     | Gained mutation: You have a pair of large horns on your
                  | head. [potion of mutation]
  7937 | D:9      | Killed Psyche
  8349 | D:10     | Noticed a two-headed ogre
  8361 | D:10     | Killed a two-headed ogre
  8361 | D:10     | Received a gift from Okawaru
  8361 | D:10     | Received a gift from Okawaru
  8458 | D:10     | Found a staircase to the Orcish Mines.
  8461 | D:10     | Reached ***** piety under Okawaru
  8513 | D:10     | Noticed Sonja
  8523 | D:10     | Killed Sonja
  8795 | Lair:1   | Entered Level 1 of the Lair of Beasts
  8834 | Lair:1   | Received a gift from Okawaru
  8986 | Lair:1   | Received a gift from Okawaru
  9042 | Lair:1   | Identified the +7 quarterstaff "Omelette" {drain, rElec
                  | Stlth+} (Okawaru gifted it to you on level 1 of the Lair of
                  | Beasts)
  9042 | Lair:1   | Received a gift from Okawaru
  9135 | Lair:1   | Reached XP level 12. HP: 80/101 MP: 11/14
  9299 | Lair:1   | You fall into a shaft and drop 1 floor!
  9299 | Lair:2   | Noticed a catoblepas
  9319 | Lair:2   | Killed a catoblepas
  9580 | Lair:2   | Identified the +0 pair of boots "Coih" {Int+3 Dex+3}
                  | (Okawaru gifted it to you on level 2 of the Lair of Beasts)
  9580 | Lair:2   | Received a gift from Okawaru
  9768 | Lair:2   | Reached skill level 10 in Armour
  9883 | Lair:2   | Reached skill level 10 in Shields
  9895 | Lair:2   | HP: 4/104 [cane toad (4)]
  9905 | Lair:2   | HP: 5/104 [cane toad (5)]
  9907 | Lair:2   | Slain by a yak

Illustrated notes

Levels and vault maps discovered:
D:1:      minmay_arrival_solitary_statue, layout_loops_corners,
          shapermc_ecumenical_altar_venn
D:2:      layout_rooms
D:3:      layout_basic, lemuel_doored_altar, old_standard_altar,
          chequers_serial_rivers_micro_d
D:4:      minmay_angry_zag, layout_loops_ring, eat_drink_and_be_merry_uskayaw,
          serial_glass, glass_columns_a, glass_columns_b, gammafunk_ghost_smash,
          kennysheep_generic_room_10, uniq_eustachio, uniq_grinder, uniq_sigmund
D:5:      layout_loops_corners, mainiacjoe_overflow_big_doors,
          grunt_qazlal_clouds, gup_ossuary_entry_pyramid, uniq_ijyb, uniq_pikel
D:6:      layout_basic, uniq_duvessa
D:7:      layout_loops_corners, mainiacjoe_overflow_concentric_impassable,
          okawaru_trees_2, minmay_temple_entry_junction_2,
          hangedman_decor_clover_reticule
D:8:      layout_cave_pods, gammafunk_ghost_arena, kennysheep_generic_room_6,
          uniq_maggie
D:9:      layout_loops_ring, mainiacjoe_overflow_six_doors_small,
          due_lair_maze_entry_diamond, special_room [special_room_orc],
          serial_bayou_pond_a, uniq_psyche, uniq_erica
D:10:     layout_roguey, zin_purify, erik_orc_4, uniq_sonja
Temple:   nicolae_temple_slightly_damp_pantheon
Lair:1:   dreamdust_cave_troll, layout_long_grid
Lair:2:   hangedman_what_comes_after_a, layout_regular_city, beast_lair_carwin_5

Skill      XL: |  1  2  3  4  5  6  7  8  9 10 11 12 |
---------------+-------------------------------------+-----
Axes           | 3 4 5 6 8 9 11 12 13 | 13.3
Fighting       | 4 5 6 7 8 10 11 12 13 | 13.7
Armour         | 4 5 6 7 8 9 10 | 10.1
Throwing       | 1 2 3 4 5 6 7 |  7.7
Shields        | 4 5 6 7 8 9 10 | 10.0
Invocations    | 2 4 |  4.9

Action                   |  1- 3 |  4- 6 |  7- 9 | 10-12 || total
-------------------------+-------+-------+-------+-------++-------
Melee: War axe           |    46 |    81 |   253 |   405 ||   785
       Headbutt          |     8 |    14 |    36 |    88 ||   146
Throw: Dart              |       |     3 |    14 |       ||    17
       Boomerang         |       |       |    21 |    91 ||   112
Invok: Heroism           |       |       |       |    13 ||    13
       Finesse           |       |       |       |     1 ||     1
  Use: Scroll            |       |     8 |    12 |     7 ||    27
       Potion            |       |       |     3 |     5 ||     8
 Stab: Petrified         |       |       |       |     1 ||     1
Armor: Scale mail        |    32 |    48 |    37 |       ||   117
       Chain mail        |       |       |    59 |    14 ||    73
       Plate armour      |       |       |       |   277 ||   277
       Skin              |       |       |       |     3 ||     3
Dodge: Dodged            |    22 |    44 |    87 |   103 ||   256
Block: Buckler           |    10 |    23 |    47 |       ||    80
       Kite shield       |       |       |    39 |   329 ||   368

Table legend: (Time is in decaauts)
 A = Elapsed time spent in this place.
 B = Non-inter-level travel time spent in this place.
 C = Inter-level travel time spent in this place.
 D = Time resting spent in this place.
 E = Time spent auto-exploring this place.
 F = Levels seen in this place.
 G = Mean time per level.
                   A        B        C        D        E       F      G
               +--------+--------+--------+--------+--------+-----+--------+
         Total |  10010 |   9663 |    347 |    249 |   6133 |  14 |  715.0 |
       Dungeon |   8271 |   7924 |    347 |    204 |   5333 |  10 |  827.1 |
        Temple |    196 |    196 |      0 |      0 |    152 |   1 |  196.0 |
          Lair |   1101 |   1101 |      0 |     30 |    648 |   2 |  550.5 |
       Ossuary |    440 |    440 |      0 |     15 |      0 |   1 |  440.0 |
               +--------+--------+--------+--------+--------+-----+--------+

Top non-repeatable levels by time:
     D:8: 1216 daAuts
     D:9: 1003 daAuts
     D:4: 997 daAuts
     D:5: 974 daAuts
     D:7: 957 daAuts
     D:1: 870 daAuts
     D:3: 786 daAuts
  Lair:2: 599 daAuts
     D:6: 569 daAuts
    D:10: 526 daAuts
  Lair:1: 502 daAuts
 Ossuary: 440 daAuts
     D:2: 369 daAuts
  Temple: 196 daAuts
